 Dungeon Crawl Stone Soup version 0.31-a0-233-g139696dc86 (webtiles) character file.

Game seed: 5904647633716496779

172 qw the Shooter (level 5, -5/30 HPs)
             Began as a Gargoyle Hexslinger on July 7, 2023.
             Slain by Edmund
             ... wielding a +1 flail of protection
              (7 damage)
             ... on level 3 of the Dungeon.
             The game lasted 00:00:58 (2482 turns).

qw the Shooter (Gargoyle Hexslinger)                Turns: 2482, Time: 00:00:58

Health: -5/30      AC: 12    Str: 12    XL:     5   Next: 52%
Magic:  6/6        EV: 10    Int: 13    God:
Gold:   164        SH:  0    Dex: 14    Spells: 5/6 levels left

rFire   . . .        Y - +3 sling
rCold   . . .        (no shield)
rNeg    + . .        d - +3 ring mail
rPois   inf          (no helmet)
rElec   +            (no cloak)
rCorr   .            (no gloves)
SInv    .            (no boots)
Will    .....        (no amulet)
Stlth   +            (no ring)
HPRegen 0.25/turn    (no ring)
MPRegen 0.10/turn

%: no passive effects
@: no status effects
A: sickness immunity, AC +4, negative energy resistance 1, electricity
resistance, torment resistance 1, petrification resistance, passive freeze
a: no special abilities


You were on level 3 of the Dungeon.
You visited 1 branch of the dungeon, and saw 4 of its levels.

You collected 238 gold pieces.
You spent 74 gold pieces at shops.


Innate Abilities, Weirdness & Mutations

You are immune to sickness and miasma.
Your stone body is resilient. (AC +4)
You are immune to poison.
You resist negative energy. (rN+)
You are resistant to electric shocks. (rElec)
You are resistant to unholy torment.
You are immune to petrification.
A frigid envelope surrounds you and freezes all who hurt you.


   Skills:
 + Level 2.0 Fighting
 - Level 5.1 Ranged Weapons
 - Level 1.0 Armour
 - Level 1.5 Dodging
 - Level 1.0 Spellcasting
 - Level 2.6 Hexes


You had 5 spell levels left.
You knew the following spells:

 Your Spells              Type           Power      Damage    Failure   Level
a - Slow                  Hex            28%        N/A       22%         1

Your spell library contained the following spells:

 Spells                   Type           Power      Damage    Failure   Level
 Inner Flame              Hex/Fire       4%         N/A       73%         3
 Portal Projectile        Hex/Tloc       8%         N/A       73%         3
 Cause Fear               Hex            3%         N/A       91%         4

Inventory:

Hand Weapons
 Y - a +3 sling (weapon)
Armour
 d - a +3 ring mail (worn)
Scrolls
 a - a scroll of identify
 c - a scroll of teleportation
Potions
 e - a potion of might
 f - a potion of cancellation
 i - 2 potions of curing
 j - a potion of heal wounds
 k - a potion of resistance
 l - 2 potions of mutation

Dungeon Overview and Level Annotations

Branches:
Dungeon (4/15)
 Temple: D:4-7

Altars:
Ashenzari
The Shining One

Shops:
D:2 *

Annotations:
D:3 Edmund


Message History

The howler monkey is heavily wounded.
The endoplasm hits you.
The endoplasm is very cold.
The endoplasm is severely wounded.
Edmund hits you with a +1 flail of protection.
Edmund is very cold.
Edmund is moderately wounded.
You climb upwards.
There is a stone staircase leading down here.
Enter note:
Enter note:
Enter note:
Enter note:
Enter note:
Enter note:
Enter note:
Enter note:
Enter note:
Enter note:
Enter note:
Enter note:
Enter note:
Enter note:
Enter note: You shoot a sling bullet.
The sling bullet hits the endoplasm.
You kill the endoplasm!
Edmund hits you but does no damage.
Edmund is very cold.
Edmund is heavily wounded.
The howler monkey completely misses you.
You shoot a sling bullet. The sling bullet hits Edmund.
Edmund is heavily wounded.
Edmund hits you with a +1 flail of protection!
Edmund is very cold.
Edmund is heavily wounded.
The howler monkey hits you but does no damage.
The howler monkey is very cold.
You kill the howler monkey!
Your Ranged Weapons skill increases to level 5!
You shoot a sling bullet. The sling bullet barely misses Edmund.
Edmund hits you with a +1 flail of protection! x2
You die...

..............# .###.#.######.#
######## .# #.#.# #.#
#......##### .###.#.######.####
#........... .##..............#
#.####.#.### .##..#........##.#
#.####.#.### .......#########.#
#.##........ ##.....# #@#
#.##.#.#.##. ...#..## #@#
#..(........ ###..## #%#
####.###.... ##.# #.# #.# #.##.
#.# ##.## #.# #.##. ##+## ##...##
#.# #.### ##...## #.###.# ####.#
#.# ##.....## #.#
#.###....###.### #.......##
##.###.7...7..##.....
.........####.....777.777......##


You could see Edmund.

Vanquished Creatures
  A howler monkey (D:3)
  5 adders
  A worm (D:3)
  3 dart slugs
  4 ball pythons (D:1)
  2 bats
  8 endoplasms
  3 giant cockroaches
  9 goblins
  9 hobgoblins
  5 jackals (D:2)
  7 kobolds
  3 quokkas
  4 frilled lizards
  8 rats
72 creatures vanquished.

Notes
Turn   | Place    | Note
-------+----------+-------------------------------------------
     0 | D:1      | qw the Gargoyle Hexslinger began the quest for the Orb.
     0 | D:1      | Reached XP level 1. HP: 12/12 MP: 2/2
     0 | D:1      | 0 ||| qw: Version: 0.3-a-46-gb1f654a
     0 | D:1      | 0 ||| qw: Game counter: 3162
     0 | D:1      | 0 ||| qw: Melee chars always use a shield: true
     0 | D:1      | 0 ||| qw: God list: Okawaru
     0 | D:1      | 0 ||| qw: Allow faded altars: false
     0 | D:1      | 0 ||| qw: Do Orc after clearing Dungeon:15 true
     0 | D:1      | 0 ||| qw: Do second Lair branch before Depths: true
     0 | D:1      | 0 ||| qw: Lair rune preference: random
     0 | D:1      | 0 ||| qw: Goals: Normal
     0 | D:1      | 0 ||| PLANNING D:1-11
    79 | D:1      | Reached XP level 2. HP: 11/16 MP: 3/3
   132 | D:1      | Reached skill level 3 in Ranged Weapons
   439 | D:1      | Reached XP level 3. HP: 18/21 MP: 4/4
   848 | D:1      | 848 ||| READING scroll labelled PEYMEBBASOK.
   852 | D:1      | 852 ||| READING 2 scrolls labelled IKIYSI DAEDU VYE.
   853 | D:1      | 853 ||| DROPPING scroll of poison.
   854 | D:1      | 854 ||| DROPPING scroll of vulnerability.
   951 | D:2      | Found Weehau's Assorted Antiques.
   959 | D:2      | 959 ||| BUYING 3 scrolls labelled ZAECWIPOAZ (57 gold).
   959 | D:2      | Bought 3 scrolls labelled ZAECWIPOAZ for 57 gold pieces
   959 | D:2      | 959 ||| SHOPLISTING cloak (85 gold, have 32).
   959 | D:2      | 959 ||| BUYING cyan potion (17 gold).
   959 | D:2      | Bought a cyan potion for 17 gold pieces
   959 | D:2      | 959 ||| SHOPLISTING glowing red potion (17 gold, have 15).
   959 | D:2      | 959 ||| SHOPLISTING leather armour (38 gold, have 15).
   959 | D:2      | 959 ||| SHOPLISTING pair of gloves (85 gold, have 15).
   959 | D:2      | 959 ||| SHOPLISTING ring mail (76 gold, have 15).
   959 | D:2      | 959 ||| SHOPLISTING scroll labelled IFASUEPTITH (19 gold,
                  | have 15).
  1130 | D:2      | Reached XP level 4. HP: 26/26 MP: 5/5
  1280 | D:2      | Reached skill level 4 in Ranged Weapons
  1362 | D:2      | 1362 ||| UPGRADING to +0 ring mail.
  1372 | D:2      | 1372 ||| DROPPING +0 robe.
  1373 | D:2      | 1373 ||| READING 4 scrolls labelled ZAECWIPOAZ.
  1374 | D:2      | 1374 ||| READING scroll labelled RUEPRO VEOXT.
  1375 | D:2      | 1375 ||| READING scroll labelled UVAAVI XORAA.
  1376 | D:2      | 1376 ||| READING scroll labelled COMUFIRU JUEMU.
  1377 | D:2      | 1377 ||| DRINKING 2 cyan potions.
  1427 | D:2      | 1427 ||| DRINKING 2 bubbling blue potions.
  1428 | D:2      | 1428 ||| DRINKING 2 clear potions.
  1428 | D:2      | Gained mutation: A frigid envelope surrounds you and
                  | freezes all who hurt you. [potion of mutation]
  1429 | D:2      | 1429 ||| READING 3 scrolls of identify.
  1429 | D:2      | 1429 ||| IDENTIFYING amethyst potion
  1430 | D:2      | 1430 ||| READING 2 scrolls of identify.
  1430 | D:2      | 1430 ||| IDENTIFYING metallic white potion
  1431 | D:2      | 1431 ||| DROPPING potion of lignification.
  1620 | D:3      | Reached skill level 1 in Armour
  1655 | D:3      | Found a glowing golden altar of the Shining One.
  1669 | D:3      | Found a broken altar of Ashenzari.
  1907 | D:3      | 1907 ||| READING scroll of enchant weapon.
  1907 | D:3      | 1907 ||| ENCHANTING +2 sling.
  1951 | D:3      | Reached XP level 5. HP: 30/30 MP: 6/6
  2413 | D:3      | 2413 ||| UPGRADING to +3 ring mail.
  2423 | D:3      | 2423 ||| DROPPING +0 ring mail.
  2424 | D:3      | 2424 ||| READING scroll labelled ETUNNAOT ASATI.
  2425 | D:3      | 2425 ||| READING 3 scrolls of identify.
  2425 | D:3      | 2425 ||| IDENTIFYING glowing red potion
  2426 | D:3      | 2426 ||| READING 2 scrolls of identify.
  2426 | D:3      | 2426 ||| IDENTIFYING lumpy cyan potion
  2473 | D:4      | Noticed Edmund
  2478 | D:4      | 2478 ||| STAIRDANCE
  2482 | D:3      | Reached skill level 5 in Ranged Weapons
  2482 | D:3      | HP: 2/30 [Edmund/+1 flail of protection (10)]
  2482 | D:3      | Slain by Edmund

Levels and vault maps discovered:
D:1:      minmay_arrival_wavy_path, layout_basic
D:2:      layout_basic, serial_shops, shop
D:3:      layout_loops_corners, mainiacjoe_overflow_swirl,
          grunt_decor_mini_mirrors, eino_tiny_chamber, corexii_shack,
          st_stairs_1, kennysheep_doodads
D:4:      layout_basic, uniq_edmund, uniq_natasha

Skill      XL: |  1  2  3  4  5 |
---------------+----------------+-----
Ranged Weapons | 3 4 5 |  5.1
Fighting       | 2 |  2.0
Armour         | 1 |  1.0
Dodging        | |  1.5
Spellcasting   | |  1.0
Hexes          | |  2.6

Action                     |  1- 3 |  4- 6 || total
---------------------------+-------+-------++-------
   Fire: Sling             |    97 |   118 ||   215
    Use: Scroll            |     2 |    10 ||    12
         Potion            |       |     3 ||     3
 Armour: Robe              |    15 |     4 ||    19
         Ring mail         |       |     9 ||     9
  Dodge: Dodged            |    34 |    24 ||    58

Table legend:
 A = Non-vault XP
 B = Vault XP
 C = Vault XP percentage of total XP
 D = Non-vault monster count
 E = Vault monster count
 F = Vault count percentage of total count
                 A         B        C        D         E       F
            +---------+---------+-------+---------+---------+-------
      Total |     240 |       6 |   2.4 |      69 |       3 |   4.2
            +---------+---------+-------+---------+---------+-------
        D:1 |      35 |       0 |   0.0 |      20 |       0 |   0.0
        D:2 |      67 |       0 |   0.0 |      23 |       0 |   0.0
        D:3 |     134 |       6 |   4.3 |      24 |       3 |  11.1
        D:4 |       4 |       0 |   0.0 |       2 |       0 |   0.0
            +---------+---------+-------+---------+---------+-------
